 Dungeon Crawl Stone Soup version 0.27.1-3-gb3d3a73c9e (webtiles) character file.

Game seed: 10638374476956392723

51 earthworldpsion the Shield-Bearer (level 3, -6/33 HPs)
             Began as a Minotaur Fighter on Oct 18, 2021.
             Mangled by a gnoll (7 damage)
             ... on level 2 of the Dungeon.
             The game lasted 00:02:51 (924 turns).

earthworldpsion the Shield-Bearer (Minotaur Fighter) Turns: 924, Time: 00:02:51

Health: -6/33      AC:  8    Str: 21    XL:     3   Next: 57%
Magic:  0/2        EV:  7    Int:  5    God:
Gold:   28         SH:  9    Dex:  9    Spells: 2/2 levels left

rFire    . . .     SeeInvis .   a - +0 flail
rCold    . . .     Faith    .   c - +0 kite shield
rNeg     . . .     Spirit   +   b - +0 scale mail
rPois    .         Reflect  .   (helmet restricted)
rElec    .         Harm     .   (no cloak)
rCorr    .         Rampage  .   e - +0 pair of gloves
Will     .....                  (no boots)
Stlth    ..........             g - amulet of guardian spirit
HPRegen  0.11/turn              (no ring)
MPRegen  0.08/turn              (no ring)

@: no status effects
A: horns 2, retaliatory headbutt
a: no special abilities


You were on level 2 of the Dungeon.
You visited 1 branch of the dungeon, and saw 2 of its levels.

You collected 28 gold pieces.

Inventory:

Hand Weapons
 a - a +0 flail (weapon)
Armour
 b - a +0 scale mail (worn)
 c - a +0 kite shield (worn)
 e - a +0 pair of gloves (worn)
Jewellery
 g - an amulet of guardian spirit (around neck)
Potions
 d - 2 potions of might
 h - a potion of attraction
 i - a potion of haste {unknown}
 j - a potion of curing {unknown}


   Skills:
 + Level 4.0 Fighting
 + Level 3.7 Maces & Flails
 + Level 4.0 Armour
 + Level 0.1 Dodging
 + Level 4.1 Shields


You had 2 spell levels left.
You didn't know any spells.
Your spell library contained the following spells:

 Spells                   Type           Power      Damage    Failure   Level
 Summon Small Mammal      Summ           0%         N/A       99%         1
 Call Canine Familiar     Summ           0%         N/A       100%        3
 Summon Guardian Golem    Hex/Summ       0%         N/A       100%        3


Dungeon Overview and Level Annotations

Branches:
Dungeon (2/15)

Altars:


Innate Abilities, Weirdness & Mutations

You have a pair of horns on your head.
You reflexively headbutt those who attack you in melee.


Message History

You sock the gnoll! Your headbutt misses the gnoll.
The gnoll is severely wounded.
The gnoll hits you with a +0 halberd! The gnoll hits you with a +0 halberd.
You hit the gnoll.
You kill the gnoll!
You hit the gnoll.
The gnoll is moderately wounded.
The gnoll hits you with a +0 whip. You block the worm's attack.
You closely miss the gnoll. You headbutt the gnoll.
The gnoll is heavily wounded.
You block the gnoll's attack. x2
You barely miss the gnoll.
The gnoll is heavily wounded.
You block the gnoll's attack. The worm bites you.
You completely miss the gnoll.
The gnoll is heavily wounded.
The gnoll hits you but does no damage. The worm bites you but does no damage.
The gnoll hits you with a +0 whip.
* * * LOW HITPOINT WARNING * * *
You barely miss the gnoll.
The gnoll is heavily wounded.
The gnoll closely misses you. The worm bites you.
* * * LOW HITPOINT WARNING * * *
You hit the gnoll.
The gnoll is severely wounded.
You block the gnoll's attack. The worm bites you but does no damage.
The gnoll hits you but does no damage.
As you read the scroll labelled GEOPNU PUOL, it crumbles to dust.
It is a scroll of identify.
h - a potion of attraction The gnoll hits you with a +0 whip.
* * * LOW HITPOINT WARNING * * *
Your shield prevents you from hitting the gnoll.
The gnoll is severely wounded.
You block the worm's attack. The gnoll hits you with a +0 whip.
* * * LOW HITPOINT WARNING * * *
You hit the gnoll but do no damage.
The gnoll is severely wounded.
The gnoll hits you with a +0 whip!
You die...

# .###
....#
#####.....#
#.w@g......
#.###.....#
#... ....#
...... .###
..#...## #
#.......
#....... #
###.###


You could see a worm and a gnoll.

Vanquished Creatures
  2 gnolls (D:2)
  2 dart slugs (D:1)
  2 endoplasms (D:1)
  A giant cockroach (D:1)
  3 goblins (D:1)
  2 hobgoblins (D:1)
  A quokka (D:1)
  4 ball pythons (D:1)
  3 bats (D:1)
  A frilled lizard (D:1)
  4 kobolds (D:1)
  3 rats (D:1)
28 creatures vanquished.

Notes
Turn   | Place    | Note
-------+----------+-------------------------------------------
     0 | D:1      | earthworldpsion the Minotaur Fighter began the quest for
                  | the Orb.
     0 | D:1      | Reached XP level 1. HP: 19/19 MP: 0/0
   152 | D:1      | Reached XP level 2. HP: 27/27 MP: 1/1
   773 | D:1      | Reached XP level 3. HP: 29/33 MP: 2/2
   923 | D:2      | HP: 1/33 [gnoll (2)]
   924 | D:2      | Mangled by a gnoll

Illustrated notes

Levels and vault maps discovered:
D:1:      dpeg_arrival_central, layout_basic, corexii_item_surrounded_by_moat
D:2:      layout_loops_ring, hellmonk_ecumenical_altar_leap_of_faith,
          serial_shops, shop, solitary_fountain, chequers_serial_rivers_room_a

Skill      XL: |  1  2  3 |
---------------+----------+-----
Maces & Flails | 3 |  3.7
Shields        | 4 |  4.1
Fighting       | 4 |  4.0
Armour         | 4 |  4.0
Dodging        | |  0.1

Action                   || total
-------------------------++-------
Melee: Flail             ||    82
       Headbutt          ||    13
  Use: Scroll            ||     1
Armor: Scale mail        ||    48
Dodge: Dodged            ||    28
Block: Kite shield       ||    49
